 Dungeon Crawl Stone Soup version 0.19.0-2-gae57169 (webtiles) character file.

326 RobertPalmer the Covert (level 6, 0/37 HPs)
             Began as an Octopode Chaos Knight on Nov 5, 2016.
             Succumbed to a redback's poison
             ... on level 4 of the Dungeon.
             The game lasted 00:09:11 (3236 turns).

RobertPalmer the Covert (Octopode Chaos Knight)     Turns: 3236, Time: 00:09:12

Health: 0/37       AC:  1    Str: 11      XL:     6   Next: 49%
Magic:  6/6        EV: 14    Int: 16 (17) God:    Xom [......]
Gold:   126        SH:  0    Dex: 17      Spells: 0 memorised, 5 levels left

rFire  . . .     SeeInvis .     a - +2 short sword (venom)
rCold  . . .     Gourm    .     (no shield)
rNeg   . . .     Faith    .     (helmet restricted)
rPois  .         Spirit   .     i - amulet of regeneration {+regen, !d}
rElec  .         Reflect  .     m - +4 ring of dexterity
rCorr  .         Harm     .     (no ring)
MR     .....                    (no ring)
Stlth  +++++.....               (no ring)
                                (no ring)
                                (no ring)
                                (no ring)
                                (no ring)

@: lethally poisoned (0 -> -84)
A: almost no armour, stealthy swim, amphibious, 8 rings, constrict 8, camouflage
1, blurry vision 2, clever 1, frail 1, gelatinous body 1
a: Renounce Religion


You were on level 4 of the Dungeon.
You worshipped Xom.
You were a very special plaything of Xom.
You were very hungry.

You visited 1 branch of the dungeon, and saw 4 of its levels.

You collected 126 gold pieces.

Inventory:

Hand Weapons
 a - a +2 short sword of venom (weapon)
   (You took it off a kobold on level 3 of the Dungeon)
 b - a +0 short sword of chaos
Missiles
 n - 79 stones (quivered)
Jewellery
 d - an uncursed amulet of guardian spirit {Spirit}
   (You found it on level 2 of the Dungeon)
 i - an amulet of regeneration (around mantle) {+regen, !d}
   (You found it on level 3 of the Dungeon)
 m - a +4 ring of dexterity (left tentacle)
   (You found it on level 2 of the Dungeon)
Scrolls
 c - 2 scrolls of teleportation {unknown}
 e - 2 scrolls of remove curse
 f - a scroll of fog
 o - a scroll of recharging {unknown}
 p - a scroll of enchant armour {unknown}
 q - 3 scrolls of identify
Potions
 j - a potion of haste
 k - a potion of might {unknown}
Comestibles
 g - a meat ration {@e2}
 h - a bread ration {@e1}
 r - 5 fruits


   Skills:
 - Level 3.0 Fighting
 - Level 3.0 Short Blades
 - Level 2.3 Dodging
 + Level 9.0 Stealth


You had 5 spell levels left.
You didn't know any spells.

Dungeon Overview and Level Annotations

Branches:
Dungeon (4/15)
 Temple: D:4-7

Altars:
Xom

Annotations:
D:4 1 runed door


Innate Abilities, Weirdness & Mutations

You cannot wear most types of armour.
You are very stealthy in the water. (Stealth+)
You are amphibious.
You can wear up to eight rings at the same time.
You can use your tentacles to constrict eight enemies at once.
Your skin changes colour to match your surroundings (Stealth+).
Your rubbery body absorbs attacks. (AC +1, EV +1)
Scrolls take you longer to read.
Your mind is acute. (Int +2)
You are frail. (-10% HP)


Message History

MASSIVE DAMAGE!!
There is a stone staircase leading up here. "This might be better!"
The ogre evaporates and reforms as a soldier ant!
The adder hisses angrily. "This might be better!"
The soldier ant changes into a troll!
The troll changes into a soldier ant!
The adder barely misses you.
Unknown command.
The adder bites you.
You are poisoned.
The adder poisons you!
You feel sick.
You feel sick.
You hit the adder.
The adder is poisoned.
You grab the adder. You constrict the adder. The adder closely misses you. x2
You hit the adder.
The adder looks as sick as possible!
You squeeze the adder.
You kill the adder!
You feel sick.
You take 1 damage, and have 23/37 hp.
There is an open door here.
You feel sick.
You take 1 damage, and have 24/37 hp.
You close the door.
You feel sick.
You take 1 damage, and have 25/37 hp.
You feel sick.
You are no longer poisoned.
You take 1 damage, and have 26/37 hp.
You start resting.
You are feeling very hungry.
You start resting.
Health restored: 37 Unknown command.
Found a stone staircase leading down.
There is a stone staircase leading down here.
There is a stone staircase leading down here.
You now have 126 gold pieces (gained 11).
c - 2 scrolls labeled SUTE KOTSYSAET (gained 1)
An ogre is nearby!
An ogre is nearby!
An ogre is nearby!
An orc and an orc wizard come into view.
The ogre shouts!
The orc shouts!
A moth of wrath comes into view.
The orc wizard shouts!
You hit the ogre.
The ogre is poisoned.
You squeeze the ogre. The ogre misses you.
An orc comes into view. It is wielding a flail.
The orc shouts!
You hit the ogre.
The ogre looks as sick as possible!
The moth of wrath goads the ogre on!
The ogre goes berserk!
An orc comes into view.
The ogre rages.
The ogre barely misses you. "You have displeased me, mortal."
You feel dopey.
You hear a shout!
Really read with blurry vision while enemies are nearby?
Okay, then.
Unknown command.
Unknown command.
You hit the moth of wrath but do no damage.
The moth of wrath is poisoned.
You grab the moth of wrath. You constrict the moth of wrath.
The moth of wrath bites you!
A shower of butterflies erupts from you!
You take 13 damage, and have 24/37 hp.
MASSIVE DAMAGE!!
You swap places.
You release your grip on the moth of wrath.
The moth of wrath changes into a manticore!
Unknown command.
The manticore changes into a redback!
Unknown command.
Unknown command.
The ogre hits your butterfly with a giant spiked club!!!
Your butterfly dies!
Unknown command.
Really read with blurry vision while enemies are nearby?
The redback bites you! x2
You are lethally poisoned!
The redback poisons you!
You begin reading the scroll.
You continue reading the scroll.
* * * LOW HITPOINT WARNING * * *
You feel very sick.
Xom's power touches on a nearby monster.
The redback is moving more slowly.
The redback bites you.
* * * LOW HITPOINT WARNING * * *
You are more poisoned.
The redback poisons you!
As you read the scroll of fear, it crumbles to dust.
You assume a fearsome visage.
The redback looks frightened!
The orc looks frightened! x2; You take 21 damage, and have 7/37 hp.
MASSIVE DAMAGE!!
Unknown command.
Unknown command.
Unknown command.
You die...
Xom chuckles heartily!

# #. ######......##......#
####.#.###
#........#####...#
.........#
#.#b.....#####...# #. ##
#.#.####........+.......# #.
#.o..o..##.b....##.##...###.
#.#.###.##......##..........
...#.#
#.o.bsO...#........... ...
#.# #.....###.#.#.####.#.#
..o.. #.# #...b@#
.#.#.####.... ...o #.#
#.....# .............# ..o.
..........# #.#.#..###.... #
#######.#.###.#.#..###.... #
######.#.##.......#.#.#.. ##
......................#.. ..
.......####.......#...... ##
##.................... #
#..##.#.........####.


You could see a redback shaped shifter (petrifying), an ogre (berserk) and 2
orcs.

Vanquished Creatures
  A wolf (D:2)
  A hound (D:4)
  An orc wizard (D:3)
  12 adders
  An ooze (D:3)
  3 worms (D:2)
  3 dart slugs
  2 leopard geckos
  4 orcs (D:3)
  6 bats
  3 giant cockroaches
  7 goblins
  5 hobgoblins
  4 jackals (D:3)
  7 kobolds
  A quokka (D:2)
  4 frilled lizards
  5 rats
70 creatures vanquished.

Notes
Turn   | Place    | Note
-------+----------+-------------------------------------------
     0 | D:1      | RobertPalmer the Octopode Chaos Knight began the quest for the Orb.
     0 | D:1      | Reached XP level 1. HP: 16/16 MP: 1/1
    59 | D:1      | Reached skill level 1 in Stealth
    67 | D:1      | XOM: silly message
   147 | D:1      | Reached skill level 2 in Stealth
   182 | D:1      | XOM: harmless Tmut miscast
   293 | D:1      | Reached XP level 2. HP: 21/21 MP: 2/2
   621 | D:2      | Reached skill level 3 in Stealth
   651 | D:2      | Reached skill level 4 in Stealth
   651 | D:2      | Reached XP level 3. HP: 25/26 MP: 3/3
   761 | D:2      | Reached skill level 5 in Stealth
   808 | D:2      | Reached XP level 4. HP: 30/31 MP: 4/4
   905 | D:2      | XOM: harmless Necr miscast
   986 | D:2      | Noticed a wolf
   986 | D:2      | an ooze changed into a wolf
   987 | D:2      | HP: 2/31 [wolf (6)]
   989 | D:2      | XOM: scenery: create altars
   992 | D:2      | Killed a wolf
   992 | D:2      | Reached skill level 7 in Stealth
   992 | D:2      | Reached XP level 5. HP: 1/36 MP: 5/5
  1343 | D:2      | Found a shimmering altar of Xom.
  1346 | D:2      | Found a shimmering altar of Xom.
  1384 | D:2      | XOM: mild Divn miscast
  2106 | D:3      | Reached skill level 8 in Stealth
  2122 | D:3      | XOM: harmless Divn miscast
  2198 | D:3      | Reached XP level 6. HP: 32/42 MP: 6/6
  2212 | D:3      | XOM: divination: magic mapping
  2214 | D:3      | XOM: noise
  2490 | D:4      | XOM: noise
  2498 | D:4      | XOM: confuse monster(s)
  2502 | D:4      | XOM: noise
  2503 | D:4      | XOM: butterfly on damage
  2518 | D:4      | XOM: harmless Air miscast
  2532 | D:4      | XOM: divination: magic mapping
  2606 | D:4      | XOM: god gift: 4 fruits
  2763 | D:3      | XOM: chaos cloud
  2770 | D:3      | XOM: summons 3 hostile demons
  2771 | D:3      | Noticed a chaos spawn
  2802 | D:3      | XOM: give mutations
  2802 | D:3      | Gained mutation: Your mind is acute. (Int +2) [Xom's mischief]
  2802 | D:3      | Gained mutation: You are frail. (-10% HP) [Xom's mischief]
  2802 | D:3      | Gained mutation: Scrolls take you a little longer to read. [Xom's mischief]
  2802 | D:3      | Gained mutation: Scrolls take you longer to read. [Xom's mischief]
  2969 | D:3      | Reached skill level 9 in Stealth
  3055 | D:4      | Noticed a soldier ant
  3055 | D:4      | an ogre changed into a soldier ant
  3055 | D:4      | XOM: polymorph ogre -> soldier ant
  3056 | D:4      | Noticed a troll
  3056 | D:4      | a soldier ant changed into a troll
  3056 | D:4      | XOM: polymorph soldier ant -> troll
  3056 | D:4      | Noticed a soldier ant
  3056 | D:4      | a troll changed into a soldier ant
  3115 | D:4      | Found a runed door.
  3221 | D:4      | Noticed a moth of wrath
  3224 | D:4      | XOM: stat loss: -1 Int (16/17)
  3226 | D:4      | XOM: butterfly on damage
  3227 | D:4      | Noticed a manticore
  3227 | D:4      | a moth of wrath changed into a manticore
  3228 | D:4      | Noticed a redback
  3228 | D:4      | a manticore changed into a redback
  3235 | D:4      | XOM: enchant monster (good)
  3235 | D:4      | HP: 7/37 [redback (glowing shapeshifter) (4)]
  3236 | D:4      | Succumbed to a redback's poison

Skill      XL: |  1  2  3  4  5  6 |
---------------+-------------------+-----
Stealth        | 2 4 5 7 8 9 |  9.0
Fighting       | |  3.0
Short Blades   | |  3.0
Dodging        | |  2.3

Action                   |  1- 3 |  4- 6 || total
-------------------------+-------+-------++-------
Melee: Short sword       |    33 |   107 ||   140
       Constrict         |    11 |    24 ||    35
       Tentacles         |     7 |    15 ||    22
Throw: Stone             |       |     4 ||     4
  Use: Scroll            |     5 |     6 ||    11
       Potion            |       |     1 ||     1
 Stab: Sleeping          |    10 |    12 ||    22
       Confused          |       |     1 ||     1
  Eat: Chunk             |       |     5 ||     5
       Fruit             |       |     1 ||     1
Armor: Skin              |       |     7 ||     7
Dodge: Dodged            |    12 |    66 ||    78

Vault maps used:
D:1:      dpeg_arrival_long_road
D:2:      xom_redecorated
D:3:      kennysheep_big_flooded_room
D:4:      minmay_a_box_with_orc_wizards_in_it, uniq_crazy_yiuf_cottage

Table legend:
 A = Turns spent in this place as a percentage of turns spent in the entire game.
 B = Non-inter-level travel turns spent in this place as a percentage of non-inter-level travel turns spent in the entire game.
 C = Inter-level travel turns spent in this place as a percentage of turns spent in this place.
 D = Turns resting spent in this place as a percentage of non-inter-level travel turns spent in this place.
 E = Turns spent auto-exploring this place as a percentage of non-inter-level travel turns spent in this place.
 F = Non-inter-level travel turns spent in this place divided by the number of levels of this place that you've seen.
                   A       B       C       D       E      F
               +-------+-------+-------+-------+-------+----------------------
         Total | 100.0 | 100.0 |   0.9 |   2.0 |   7.6 | 330.0
       Dungeon | 100.0 | 100.0 |   0.9 |   2.0 |   7.6 | 330.0
               +-------+-------+-------+-------+-------+----------------------

Table legend:
 A = Kills in this place as a percentage of kills in entire the game.
 B = Kills by you in this place as a percentage of kills by you in the entire game.
 C = Kills by friends in this place as a percentage of kills by friends in the entire game.
 D = Other kills in this place as a percentage of other kills in the entire game.
 E = Experience gained in this place as a percentage of experience gained in the entire game.
 F = Experience gained in this place divided by the number of levels of this place that you have seen.
                   A       B       C       D       E      F
               +-------+-------+-------+-------+-------+----------------------
         Total | 100.0 | 100.0 |  -nan |  -nan | 100.0 | 116.5
       Dungeon | 100.0 | 100.0 |  -nan |  -nan | 100.0 | 116.5
               +-------+-------+-------+-------+-------+----------------------
